 Dungeon Crawl Stone Soup version 0.29.1-15-g9cfb28693d (webtiles) character file.

Game seed: 10649667438878494090

114 Barneous the Sneak (level 4, -9/27 HPs)
             Began as an Octopode Hedge Wizard on Mar 16, 2023.
             Killed by nerve-wracking pain
             ... invoked by an orc priest
              (12 damage)
             ... on level 3 of the Dungeon.
             The game lasted 00:09:02 (3348 turns).

Barneous the Sneak (Octopode Hedge Wizard)          Turns: 3348, Time: 00:09:02

Health: -9/27      AC:  1    Str:  9    XL:     4   Next: 98%
Magic:  7/8        EV: 13    Int: 18    God:
Gold:   118        SH:  0    Dex: 11    Spells: 0/9 levels left

rFire   . . .      SeeInvis .   a - +1 dagger (drain)
rCold   . . .      Faith    .   (no shield)
rNeg    . . .      Spirit   .   b - +0 hat
rPois   .          Reflect  .   (no amulet)
rElec   .          Harm     .   (no ring)
rCorr   .          Rampage  .   (no ring)
Will    .....                   (no ring)
Stlth   +++.......              (no ring)
HPRegen 0.09/turn               (no ring)
MPRegen 0.11/turn               (no ring)
                                (no ring)
                                (no ring)

@: no status effects
A: almost no armour, amphibious, 8 rings, camouflage 1, gelatinous body 1,
(nimble swimmer 1), tentacles
a: no special abilities


You were on level 3 of the Dungeon.
You visited 1 branch of the dungeon, and saw 3 of its levels.

You collected 118 gold pieces.

Inventory:

Hand Weapons
 a - a +1 dagger of draining (weapon)
 f - a +0 rapier
Armour
 b - a +0 hat (worn)
Jewellery
 e - an amulet of guardian spirit
Scrolls
 d - 2 scrolls of identify
 g - a scroll of silence


   Skills:
 + Level 1.4 Short Blades
 + Level 2.6 Dodging
 + Level 3.3 Stealth
 + Level 1.2 Unarmed Combat
 + Level 3.3 Spellcasting
 + Level 1.8 Conjurations
 + Level 1.6 Summonings
 + Level 1.6 Translocations


You couldn't memorise any spells.
You knew the following spells:

 Your Spells              Type           Power      Damage    Failure   Level
a - Magic Dart            Conj           36%        1d4       8%          1
b - Blink                 Tloc           16%        N/A       12%         2
c - Mephitic Cloud        Conj/Pois/Air  5%         N/A       36%         3
d - Call Imp              Summ           8%         N/A       12%         2
e - Foxfire               Conj/Fire      24%        2x1d5     11%         1

Your spell library contained the following spells:

 Spells                   Type           Power      Damage    Failure   Level
 Slow                     Hex            8%         N/A       16%         1
 Conjure Flame            Conj/Fire      6%         6-21      32%         3
 Inner Flame              Hex/Fire       2%         N/A       43%         3
 Flame Wave               Conj/Fire      6%         2d5       73%         4


Dungeon Overview and Level Annotations

Branches:
Dungeon (3/15)

Altars:


Innate Abilities, Weirdness & Mutations

You cannot wear most types of armour.
You are amphibious.
You can wear up to eight rings at the same time.
Your skin changes colour to match your surroundings (Stealth+).
Your rubbery body absorbs attacks. (AC +1, EV +1)
((You are camouflaged when in or above water. (Stealth+)))
You have tentacles for arms and can constrict up to eight enemies at once.


Message History

You hit the orc. You drain the orc. You grab the orc.
The orc is almost dead.
You constrict the orc.
You kill the orc!
The orc priest invokes the aid of Beogh against you.
Pain shoots through your body!
Aiming: Magic Dart (safe; 8% risk of failure)
Press: ? - help, Q - select action, (/) - cycle Shift-Dir - straight line, f - orc priest
Aim: an orc priest, wielding a +0 club and wearing a +0 leather armour (100% to hit)
The magic dart hits the orc priest.
The orc priest is lightly wounded.
Aiming: Magic Dart (safe; 8% risk of failure)
Press: ? - help, Q - select action, (/) - cycle Shift-Dir - straight line, f/p - orc priest
Aim: an orc priest, wielding a +0 club and wearing a +0 leather armour (lightly wounded, 100% to hit)
The magic dart hits the orc priest.
The orc priest is heavily wounded.
The orc priest begins to cast a cantrip, but forgets the words!
You see here a +0 club.
You hit the orc priest. Your grab misses the orc priest.
You squeeze the orc priest, but do no damage.
The orc priest is heavily wounded.
The orc priest mumbles some strange prayers to Beogh against you.
Beogh smites you!
Ouch! That really hurt!
Your magical contamination has completely faded away.
Okay, then.
You barely miss the orc priest. Your grab misses the orc priest.
The orc priest is heavily wounded.
The orc priest hits you with a +0 club.
* * * LOW HITPOINT WARNING * * *
Magic courses through your body. The orc priest hits you with a +0 club.
* * * LOW HITPOINT WARNING * * *
Aiming: Magic Dart (safe; 8% risk of failure)
Press: ? - help, Q - select action, (/) - cycle Shift-Dir - straight line, f/p - orc priest
Aim: an orc priest, wielding a +0 club and wearing a +0 leather armour (heavily wounded, 100% to hit)
The magic dart hits the orc priest but does no damage.
The orc priest is heavily wounded.
The orc priest mumbles some strange prayers to Beogh against you.
Pain shoots through your body!
You die...

###
###########.#
#...........#
#@#########.#
#o# #.######
#.. #.##....
#... #.##.###
#.... #.##.#
#....# #.##.#
#....#
#.##.###
......
#.##.#..
#.##.#.#


You could see an orc priest.

Vanquished Creatures
  3 adders (D:2)
  A gnoll (D:1)
  3 worms (D:1)
  2 dart slugs
  2 orcs (D:3)
  3 ball pythons
  3 bats (D:1)
  8 endoplasms
  8 giant cockroaches
  4 goblins (D:1)
  3 hobgoblins (D:1)
  4 jackals (D:1)
  A quokka (D:1)
  4 frilled lizards
  5 kobolds
  6 rats (D:1)
60 creatures vanquished.

Notes
Turn   | Place    | Note
-------+----------+-------------------------------------------
     0 | D:1      | Barneous the Octopode Hedge Wizard began the quest for the
                  | Orb.
     0 | D:1      | Reached XP level 1. HP: 11/11 MP: 4/4
     1 | D:1      | Found a runed translucent door.
   367 | D:1      | Reached XP level 2. HP: 17/17 MP: 6/6
   536 | D:1      | Reached XP level 3. HP: 7/21 MP: 3/7
  1235 | D:1      | Learned a level 2 spell: Blink
  1239 | D:1      | Learned a level 3 spell: Mephitic Cloud
  1242 | D:1      | Learned a level 2 spell: Call Imp
  1525 | D:1      | Found a faded altar of an unknown god.
  1747 | D:1      | Reached skill level 1 in Short Blades
  2081 | D:1      | Reached XP level 4. HP: 13/27 MP: 4/8
  2087 | D:1      | Reached skill level 1 in Unarmed Combat
  2962 | D:2      | Learned a level 1 spell: Foxfire
  3348 | D:3      | Killed from afar by an orc priest

Illustrated notes

Levels and vault maps discovered:
D:1:      dpeg_arrival_caged_fury, layout_basic,
          shapermc_ecumenical_altar_hornbeckon
D:2:      layout_loops_ring, minmay_distorted
D:3:      layout_basic

Skill      XL: |  1  2  3  4 |
---------------+-------------+-----
Stealth        | 3 |  3.3
Short Blades   | 1 |  1.4
Unarmed Combat | 1 |  1.2
Dodging        | |  2.6
Spellcasting   | |  3.3
Conjurations   | |  1.8
Summonings     | |  1.6
Translocations | |  1.6

Action                   |  1- 3 |  4- 6 || total
-------------------------+-------+-------++-------
Melee: Short sword       |     5 |       ||     5
       Dagger            |    64 |    33 ||    97
       Tentacles         |    14 |     7 ||    21
       Constrict         |    13 |     5 ||    18
 Cast: Magic Dart        |    26 |    19 ||    45
       Mephitic Cloud    |     1 |       ||     1
  Use: Scroll            |     4 |     3 ||     7
       Potion            |     2 |     2 ||     4
 Stab: Sleeping          |     4 |     7 ||    11
Armor: Skin              |     4 |     1 ||     5
Dodge: Dodged            |    29 |     8 ||    37
